 Dungeon Crawl Stone Soup version 0.31-a0-166-g46f44d267d (webtiles) character file.

Game seed: 1412319974562389222

95 qw the Shooter (level 4, 0/28 HPs)
             Began as a Gargoyle Hunter on June 13, 2023.
             Slain by an orc
             ... wielding a +0 whip
              (2 damage)
             ... on level 3 of the Dungeon.
             The game lasted 00:00:57 (1809 turns).

qw the Shooter (Gargoyle Hunter)                    Turns: 1809, Time: 00:00:58

Health: 0/28       AC:  6    Str: 15    XL:     4   Next: 66%
Magic:  4/4        EV: 11    Int:  9    God:
Gold:   118        SH:  0    Dex: 15    Spells: 3/3 levels left

rFire   . . .        Y - +0 shortbow
rCold   . . .        (shield currently unavailable)
rNeg    + . .        c - +0 leather armour
rPois   inf          (no helmet)
rElec   +            (no cloak)
rCorr   .            (no gloves)
SInv    .            (no boots)
Will    .....        (no amulet)
Stlth   ++           (no ring)
HPRegen 0.24/turn    (no ring)
MPRegen 0.09/turn

%: no passive effects
@: no status effects
A: sickness immunity, AC +3, negative energy resistance 1, electricity
resistance, torment resistance 1, petrification resistance
a: no special abilities


You were on level 3 of the Dungeon.
You visited 1 branch of the dungeon, and saw 3 of its levels.

You collected 118 gold pieces.


Innate Abilities, Weirdness & Mutations

You are immune to sickness and miasma.
Your stone body is resilient. (AC +3)
You are immune to poison.
You resist negative energy. (rN+)
You are resistant to electric shocks. (rElec)
You are resistant to unholy torment.
You are immune to petrification.


   Skills:
 - Level 3.0 Fighting
 + Level 5.6 Ranged Weapons
 - Level 1.5 Dodging
 - Level 1.1 Stealth


You had 3 spell levels left.
You didn't know any spells.
Your spell library was empty.

Inventory:

Hand Weapons
 Y - a +0 shortbow (weapon)
Armour
 c - a +0 leather armour (worn)
 k - a +0 ring mail
Scrolls
 a - a scroll of identify
 b - 2 scrolls of amnesia {unknown}
 j - a scroll of enchant armour
Potions
 d - a potion of curing {unknown}
 e - a potion of haste {unknown}
 f - a potion of degeneration {unknown}
 g - 2 potions of heal wounds
 h - a potion of brilliance {unknown}
 i - a potion of might {unknown}

Dungeon Overview and Level Annotations

Branches:
Dungeon (3/15)

Altars:
Kikubaaqudgha


Message History

The orc is severely wounded.
You shoot an arrow.
The arrow closely misses the orc wizard.
You shoot an arrow.
The arrow closely misses the orc wizard.
The orc wizard barely misses you.
The ball python bites you but does no damage.
The ball python grabs you. The ball python constricts you.
The orc wizard hits you but does no damage.
You shoot an arrow. The arrow hits the ball python.
The ball python is severely wounded.
The ball python bites you. The ball python constricts you.
The orc wizard barely misses you. The orc hits you but does no damage.
You shoot an arrow. The arrow hits the ball python!
You kill the ball python!
The orc wizard hits you but does no damage.
The orc hits you with a +0 dagger.
An orc opens the door.
An adder comes into view.
Enter note:
Enter note:
Enter note:
Enter note: You shoot an arrow.
The arrow hits the orc but does no damage.
The orc is severely wounded.
The adder hisses angrily.
The orc wizard hits you but does no damage.
The hobgoblin closely misses you. The orc hits you with a +0 dagger.
You shoot an arrow.
The arrow hits the orc but does no damage.
The orc is severely wounded.
The orc wizard hits you with a +0 dagger.
The orc hits you with a +0 dagger.
The hobgoblin hits you but does no damage.
You shoot an arrow. The arrow closely misses the orc.
The orc hits you but does no damage.
The orc wizard points at you and mumbles some strange words.
The puff of flame hits you! The hobgoblin closely misses you.
The orc hits you with a +0 whip.
You die...

.....###....## #...######.)#
.....####...#####...###.....#
............................#
.....####...#.....#####......
... #......8.## ##.8... .
#.#.....## ##.... #.#)...##
##... #.#...## ##.. #.#g@o#
#.. .......ooS...## #.#
####.#.#.#..##. # #.#..%# .#
# #.#.. # #.#... .) ..8 ..
....


You could see an orc wizard, an adder, 2 orcs and a hobgoblin.

Vanquished Creatures
  3 dart slugs
  2 orcs (D:3)
  6 ball pythons
  10 endoplasms
  5 giant cockroaches
  9 goblins
  9 hobgoblins
  4 jackals (D:1)
  9 kobolds
  6 quokkas
  3 bats
  A frilled lizard (D:3)
  5 rats
72 creatures vanquished.

Notes
Turn   | Place    | Note
-------+----------+-------------------------------------------
     0 | D:1      | qw the Gargoyle Hunter began the quest for the Orb.
     0 | D:1      | Reached XP level 1. HP: 12/12 MP: 1/1
     0 | D:1      | 0 ||| qw: Version: 0.2-a-29-gc1b59c4
     0 | D:1      | 0 ||| qw: Game counter: 4827
     0 | D:1      | 0 ||| qw: Always use a shield: true
     0 | D:1      | 0 ||| qw: God list: Okawaru
     0 | D:1      | 0 ||| qw: Allow faded altars: false
     0 | D:1      | 0 ||| qw: Do Orc after D:15 true
     0 | D:1      | 0 ||| qw: Do second Lair branch before Depths: true
     0 | D:1      | 0 ||| qw: Lair rune preference: random
     0 | D:1      | 0 ||| qw: Plans: Normal, Zot:1-4, Slime:5, God:TSO, Crypt,
                  | Tomb, Abyss, Pan, Hells, Win
     0 | D:1      | 0 ||| PLANNING D:1-11
    92 | D:1      | Reached XP level 2. HP: 10/17 MP: 2/2
   338 | D:1      | Reached XP level 3. HP: 21/21 MP: 3/3
   342 | D:1      | Reached skill level 5 in Ranged Weapons
   832 | D:1      | 832 ||| READING scroll labelled OTUINK CIFFESCH.
   833 | D:1      | 833 ||| READING scroll labelled ZADGHU KAROOGH.
   834 | D:1      | 834 ||| READING scroll labelled LOHUUNAFFOGG.
   835 | D:1      | 835 ||| DRINKING 2 coppery potions.
   836 | D:1      | 836 ||| DROPPING scroll of butterflies.
   908 | D:2      | Reached skill level 3 in Fighting
  1009 | D:2      | Reached XP level 4. HP: 28/28 MP: 4/4
  1217 | D:2      | Found an ancient bone altar of Kikubaaqudgha.
  1473 | D:2      | 1473 ||| READING scroll labelled UKHOVI JIUME.
  1474 | D:2      | 1474 ||| READING scroll labelled YLIFRI KYTUNEID.
  1809 | D:3      | HP: 2/28 [orc wizard/puff of flame (9)]
  1809 | D:3      | Slain by an orc

Levels and vault maps discovered:
D:1:      psy_arrival_fountain, layout_basic
D:2:      layout_basic, basic_altar
D:3:      layout_basic, nicolae_overflow_ecumenical_swirl, solitary_fountain,
          minmay_shallow_snake_nest, uniq_robin

Skill      XL: |  1  2  3 |
---------------+----------+-----
Ranged Weapons | 5 |  5.6
Fighting       | 3 |  3.0
Dodging        | |  1.5
Stealth        | |  1.1

Action                     |  1- 3 |  4- 6 || total
---------------------------+-------+-------++-------
   Fire: Shortbow          |   153 |    88 ||   241
    Use: Scroll            |     3 |     2 ||     5
         Potion            |     1 |       ||     1
 Armour: Leather armour    |    29 |    15 ||    44
  Dodge: Dodged            |    50 |    16 ||    66

Table legend:
 A = Non-vault XP
 B = Vault XP
 C = Vault XP percentage of total XP
 D = Non-vault monster count
 E = Vault monster count
 F = Vault count percentage of total count
                 A         B        C        D         E       F
            +---------+---------+-------+---------+---------+-------
      Total |     137 |       0 |   0.0 |      72 |       0 |   0.0
            +---------+---------+-------+---------+---------+-------
        D:1 |      62 |       0 |   0.0 |      32 |       0 |   0.0
        D:2 |      38 |       0 |   0.0 |      20 |       0 |   0.0
        D:3 |      37 |       0 |   0.0 |      20 |       0 |   0.0
            +---------+---------+-------+---------+---------+-------
